 Dungeon Crawl Stone Soup version 0.17-a0-77-gee7a2f2 (webtiles) character file.

7901 Pikaro the Fencer (level 11, 0/67 HPs)
             Began as a High Elf Skald on Mar 13, 2015.
             Was an Initiate of Gozag.
             Slain by a wraith (5 damage)
             ... led by Josephine
             ... on level 10 of the Dungeon.
             The game lasted 00:52:43 (14278 turns).

Pikaro the Fencer (High Elf Skald)                 Turns: 14278, Time: 00:52:44

Health: 0/67       AC: 11    Str: 16    XL:     11   Next: 2%
Magic:  22/22      EV: 12    Int: 18    God:    Gozag
Gold:   672        SH:  0    Dex: 16    Spells: 5 memorised, 3 levels left

rFire  . . .     SeeInvis .     a - +8 rapier of Action {pierce, rElec rPois Dex-4}
rCold  + . .     Clarity  .     v - +3 ring mail {rC+}
rNeg   . . .     SustAb   .     (no shield)
rPois  +         Gourm    .     P - +0 helmet
rElec  +         Spirit   .     i - +0 cloak
rCorr  +         Warding  .     (no gloves)
rMut   .         Stasis   .     I - +0 pair of boots
MR     +....                    O - amulet of resist corrosion {rCorr, !d}
Stlth  +.........               u - +3 ring of strength
                                S - +5 ring of dexterity

@: about to teleport, very slightly contaminated, hasted and slowed, somewhat
resistant to hostile enchantments, very unstealthy
A: no striking features
a: Potion Petition, Call Merchant, Bribe Branch, Renounce Religion


You were on level 10 of the Dungeon.
You worshipped Gozag.
Gozag was noncommittal.
You were not hungry.

You visited 1 branch of the dungeon, and saw 11 of its levels.
You also visited: Ossuary.

You collected 1633 gold pieces.
You spent 114 gold pieces at shops.
You paid 847 gold pieces to Gozag.

Inventory:

Hand weapons
 a - the +8 rapier of Action (weapon) {pierce, rElec rPois Dex-4}
   (You found it on level 5 of the Dungeon)

   It inflicts extra damage upon your enemies.
   It affects your dexterity (-4).
   It insulates you from electricity.
   It protects you from poison.
 b - a +1 great sword of venom
   (You found it on level 5 of the Dungeon)
Missiles
 y - 43 poisoned needles
Armour
 i - a +0 cloak (worn)
   (You found it on level 4 of the Dungeon)
 v - a +3 ring mail of cold resistance (worn)
   (You took it off Ijyb on level 4 of the Dungeon)
 D - the +11 large shield of Tuneibb {rPois rF+ Regen+ Str-3}
   (You found it on level 6 of the Dungeon)

   It affects your strength (-3).
   It protects you from fire.
   It protects you from poison.
   It increases your rate of regeneration.
 I - a +0 pair of boots (worn)
   (You found it on level 8 of the Dungeon)
 P - a +0 helmet (worn)
   (You found it on level 9 of the Dungeon)
Jewellery
 g - an uncursed ring of sustain abilities {SustAb}
   (You found it on level 3 of the Dungeon)
 u - a +3 ring of strength (right hand)
   (You found it on level 4 of the Dungeon)
 G - an uncursed ring of flight {+Fly, !d}
   (You found it on level 7 of the Dungeon)
 M - an uncursed ring of teleportation {+/*tele, !d}
   (You found it on level 8 of the Dungeon)
 O - an amulet of resist corrosion (around neck) {rCorr, !d}
   (You found it on level 9 of the Dungeon)
 S - a +5 ring of dexterity (left hand)
   (You found it on level 9 of the Dungeon)
Magical devices
 l - a wand of digging (10)
   (You found it on level 5 of the Dungeon)
 C - a wand of paralysis (15)
   (You found it on level 6 of the Dungeon)
 E - a wand of magic darts (24)
   (You found it on level 6 of the Dungeon)
 J - a wand of random effects (19)
   (You took it off Eustachio on level 8 of the Dungeon)
 L - a wand of digging (20)
   (You found it on level 8 of the Dungeon)
 N - a wand of magic darts (0)
   (You took it off a crimson imp on level 8 of the Dungeon)
 R - a wand of draining (3)
   (You found it on level 9 of the Dungeon)
Scrolls
 h - 5 scrolls of remove curse
 k - 4 scrolls of immolation {!r}
 o - 3 scrolls of enchant armour
 H - a scroll of amnesia
 K - a scroll of teleportation
 Q - a scroll of holy word {unknown}
Potions
 n - 3 potions of agility {unknown}
 r - a potion of resistance
 t - 3 potions of ambrosia {unknown}
 x - 2 potions of flight
 z - 2 potions of restore abilities
 F - 2 potions of mutation {!q}
Books
 c - a book of Battle
 p - a book of Frost
   (You found it on level 3 of the Dungeon)
 T - a book of Callings
   (You found it on level 10 of the Dungeon)
Miscellaneous
 B - a phantom mirror
Comestibles
 d - 3 bread rations
 f - 2 royal jellies
 j - 8 beef jerkies
 s - 7 meat rations
 A - 2 slices of pizza


   Skills:
 + Level 3.0 Fighting
 - Level 18.0 Long Blades
 + Level 2.2 Armour
 + Level 2.8 Dodging
 + Level 1.6 Shields
 - Level 2.4 Spellcasting
 - Level 3.6 Charms


You had 3 spell levels left.
You knew the following spells:

 Your Spells              Type           Power        Failure   Level  Hunger
g - Regeneration          Chrm/Necr      #.........   56%         3    ###....
A - Infusion              Chrm           ###...       10%         1    #......
B - Song of Slaying       Chrm           ###.....     12%         2    ##.....
C - Shroud of Golubria    Chrm/Tloc      #.........   28%         2    ##.....
D - Spectral Weapon       Hex/Chrm       #.......     56%         3    ###....


Dungeon Overview and Level Annotations

Branches:
Dungeon (11/15)            Temple (0/1) D:6
   Lair: D:8-11         Orc: D:9-12

Altars:
Cheibriados
Dithmenos
Gozag
Kikubaaqudgha
Makhleb
Nemelex Xobeh
Okawaru
Qazlal
Sif Muna
Trog
Vehumet
Yredelemnul

Shops:
D:5 (   D:6 [   D:7 ?

Annotations:
D:7 Menkaure
D:10 Josephine


Message History

You feel as though you will be slow longer.
The wraith hits you but does no damage. The crocodile closely misses you.
The wraith barely misses you.
You take 4 damage, and have 61/67 hp.
Danger x4: wraith x4!
Your surroundings suddenly seem different.
An orc warrior comes into view. It is wielding a short sword.
The orc warrior shouts!
A hobgoblin comes into view. It is wielding a club.
The hobgoblin shouts!
The orc warrior moves out of view.
An orc and a troll come into view.
Spoiler Alert: The troll can hit for high damage in melee, and regenerates quickly!
Warning x2: The troll can hit for high damage in melee, and regenerates quickly!
The orc warrior can hit for high damage!
A giant frog comes into view.
You hit the giant frog!
The giant frog hits you but does no damage.
The giant frog barely misses you. x2
The giant frog hits you but does no damage. x3
The giant frog barely misses you.
The orc warrior hits you but does no damage.
Warning x2: The troll can hit for high damage in melee, and regenerates quickly!
The orc warrior can hit for high damage!
The orc shouts!
The giant frog closely misses you.
An orc comes into view.
It is wielding a dagger. 2 yaks come into view.
The yak bellows! x2
The giant frog barely misses you.
A yak comes into view.
Danger x5: yak (wandering), orc warrior, yak x2, troll!
The yak bellows!
The giant frog barely misses you.
A yak comes into view.
Danger x6: yak (wandering), yak x3, troll, orc warrior!
Drink which item? (? for menu, Esc to quit)
You feel yourself speed up.
The yak bellows!
The giant frog barely misses you. The giant frog closely misses you.
The giant frog hits you.
You are very lightly contaminated with residual magic.
You take 5 damage, and have 58/67 hp.
Danger x6: troll, yak x4, orc warrior!
The orc shouts!
Something hits you but does no damage.
Deactivating autopickup; reactivate with Ctrl-A.
The giant frog hits you but does no damage.
Danger x4: troll, yak x2, orc warrior!
You miss something. Something hits you. The giant frog hits you.
You take 5 damage, and have 53/67 hp.
Danger x5: troll, yak x3, orc warrior!
You hit something! Something barely misses you. The yak closely misses you.
The giant frog hits you but does no damage.
The yak gores you but does no damage.
You barely miss something.
You feel yourself speed up. Something hits you!
You take 10 damage, and have 43/67 hp.
Danger x6: troll, yak x4, orc warrior!
The yak closely misses you.
Danger x5: troll, yak x3, orc warrior!
A phantom comes into view.
Something hits you. The phantom completely misses you.
You take 1 damage, and have 43/67 hp.
Something hits you but does no damage. The phantom hits you!
You take 8 damage, and have 35/67 hp.
Danger x6: troll, yak x4, orc warrior!
The rock shatters into small pieces.
Evoking this partially-identified wand wasted a few charges.
Something hits you but does no damage. The phantom hits you.
You take 2 damage, and have 33/67 hp.
Danger x7: troll, Josephine, yak x4, wraith (wandering)!
Read which item? (? for menu, Esc to quit)
As you read the scroll of teleportation, it crumbles to dust.
You feel strangely unstable. Something hits you but does no damage.
Something hits you!
You take 9 damage, and have 24/67 hp.
Danger x6: Josephine, wraith, yak x4!
The phantom hits you but does no damage.
Danger x7: yak x3, Josephine, wraith x3!
Drink which item? (? for menu, Esc to quit)
Okay, then.
You hit the wraith! Something barely misses you.
PANIC x8: troll, yak x3, Josephine, wraith x3!
You hit the wraith. The wraith barely misses you. The phantom hits you.
* * * LOW HITPOINT WARNING * * *
You take 4 damage, and have 20/67 hp.
Danger x7: Josephine, troll, yak x3, wraith x2!
You closely miss the wraith. Something hits you.
* * * LOW HITPOINT WARNING * * *
You take 6 damage, and have 14/67 hp.
You hit the wraith. Something hits you but does no damage.
Something hits you but does no damage.
You hit the wraith but do no damage.
The phantom hits you but does no damage.
The wraith hits you!
* * * LOW HITPOINT WARNING * * *
The wraith drains your vigour!
You feel yourself slow down.
You die...
Your body crumbles into a pile of gold.

....##..#....#.### ...#
#....##.#.####...# ......#
#.#..##.#.# ###.# ......#
..#..##...####...# .)#.#.#
)....###.<#..#W### .Y#.#.#
.##..###..#..#.#######Y#.#.######
........#....#.........#.........
####....#..W..@#######Y..........
#.......#>....tW@.FYY#.##........
#.#######..#.#.##W#Yo............
#.### #.W#t#.##T#..o.#.#.#####.
....# #.W>W...#...##.#....o .
....# #...#...###.##...#.#o.. .
....# #...#...# ..####.#.#....g
#.### #...#.###.### #.#.# .. .
....# #.#.#. #$ #.#.. . o #.#.#
#.#.#. # #.#.. .


You could see Josephine, 3 yaks, a troll, a phantom, 2 wraiths, a crocodile, a
giant frog and 2 orcs.

Vanquished Creatures
  A hill giant (D:11)
  A troll (D:10)
  Grinder (D:4)
  Prince Ribbit (D:8)
  A wraith (D:10)
  A deep elf mage (D:10)
  A hungry ghost (D:7)
  Eustachio (D:8)
  6 yaks
  2 hippogriffs
  A steam dragon (D:9)
  Edmund (D:7)
  6 ice beasts
  A wasp (D:8)
  An orc warrior (D:8)
  3 black bears
  A sky beast (D:6)
  3 phantoms
  A necrophage (D:7)
  6 centaurs
  5 ogres
  A crocodile (shapeshifter) (D:9)
  3 big kobolds
  An elf zombie (Ossuary)
  Blork the orc (D:9)
  5 giant frogs
  6 jellies
  4 scorpions
  5 wights (D:8)
  5 crimson imps
  5 goliath beetles
  A human zombie (Ossuary)
  3 orc priests
  3 hounds
  A centaur skeleton (D:6)
  2 iguanas
  3 quasits
  6 orc wizards
  9 worker ants
  2 big kobold zombies (Ossuary)
  Ijyb (D:4)
  4 mummies (Ossuary)
  3 hound zombies
  A hound skeleton (D:10)
  9 adders
  3 gnolls (D:6)
  A shadow imp (D:5)
  3 giant mites
  8 worms
  2 adder zombies (Ossuary)
  An adder skeleton (D:6)
  3 giant geckos
  An ooze (D:5)
  37 orcs
  2 ball pythons (D:3)
  9 bats
  3 bat skeletons
  10 giant cockroaches
  11 goblins
  13 hobgoblins
  3 jackals (D:6)
  2 giant newts
  A gnoll zombie (Ossuary)
  A jackal zombie (Ossuary)
  28 kobolds
  A kobold zombie (Ossuary)
  An orc zombie (Ossuary)
  5 quokkas
  A quokka skeleton (D:4)
  13 rats
  A rat zombie (Ossuary)
  3 ballistomycetes (D:7)
296 creatures vanquished.

Vanquished Creatures (others)
  A giant spore (D:7)
1 creature vanquished.

Grand Total: 297 creatures vanquished

Notes
Turn   | Place    | Note
--------------------------------------------------------------
     0 | D:1      | Pikaro, the High Elf Skald, began the quest for the Orb.
     0 | D:1      | Reached XP level 1. HP: 14/14 MP: 4/4
    86 | D:1      | Reached skill level 3 in Long Blades
   345 | D:1      | Reached XP level 2. HP: 16/19 MP: 6/6
  1013 | D:2      | Reached skill level 4 in Long Blades
  1131 | D:2      | Reached XP level 3. HP: 18/24 MP: 8/8
  1301 | D:2      | Found a shadowy altar of Dithmenos.
  1704 | D:2      | Reached skill level 5 in Long Blades
  2514 | D:3      | Reached XP level 4. HP: 29/29 MP: 11/11
  2529 | D:3      | Found a deep blue altar of Sif Muna.
  2690 | D:3      | Learned a level 2 spell: Song of Slaying
  2693 | D:3      | Learned a level 2 spell: Shroud of Golubria
  3032 | D:3      | Reached skill level 6 in Long Blades
  3344 | D:4      | Noticed Grinder
  3420 | D:4      | Noticed a phantom
  3448 | D:4      | Killed a phantom
  3448 | D:4      | Reached skill level 7 in Long Blades
  3448 | D:4      | Reached XP level 5. HP: 21/34 MP: 8/12
  3715 | D:4      | Noticed a phantom
  3730 | D:4      | HP: 8/34 [phantom (1)]
  3734 | D:4      | HP: 2/34 [phantom (6)]
  3747 | D:4      | HP: 1/34 [phantom (2)]
  3756 | D:4      | Killed a phantom
  3756 | D:4      | Reached XP level 6. HP: 25/39 MP: 12/15
  4066 | D:4      | Reached skill level 8 in Long Blades
  4206 | D:4      | HP: 5/39 [Grinder (6)]
  4209 | D:4      | Killed Grinder
  4209 | D:4      | Reached skill level 9 in Long Blades
  4209 | D:4      | Reached XP level 7. HP: 6/45 MP: 10/17
  4235 | D:4      | HP: 8/45 [goblin (1)]
  5066 | D:4      | Noticed Ijyb
  5080 | D:4      | Killed Ijyb
  5164 | D:4      | HP: 11/45 [poisoned by an orc]
  5170 | D:3      | HP: 10/45 [poisoned by an orc]
  5179 | D:3      | HP: 9/45 [poisoned by an orc]
  5185 | D:3      | HP: 8/45 [poisoned by an orc]
  5191 | D:3      | HP: 8/45 [poisoned by an orc]
  5197 | D:3      | HP: 7/45 [poisoned by an orc]
  5486 | D:4      | Reached skill level 10 in Long Blades
  5674 | D:5      | Entered Level 5 of the Dungeon
  5720 | D:5      | HP: 5/45 [ogre/giant club (15)]
  5996 | D:5      | Found Sucvu's Weapon Shop.
  6321 | D:5      | Reached skill level 11 in Long Blades
  6340 | D:5      | Reached XP level 8. HP: 50/50 MP: 18/18
  6599 | D:5      | Found a snail-covered altar of Cheibriados.
  6683 | D:5      | Found an opulent altar of Gozag.
  6684 | D:5      | Found a sparkling altar of Nemelex Xobeh.
  6692 | D:5      | Got a translucent rapier
  6693 | D:5      | Identified the +8 rapier of Action {pierce, rElec rPois Dex-4} (You found it on level 5 of the Dungeon)
  6697 | D:5      | Became a worshipper of Gozag Ym Sagoz the Greedy
  7243 | D:6      | Got a slimy large shield
  7249 | D:6      | Identified the +11 large shield of Tuneibb {rPois rF+ Regen+ Str-3} (You found it on level 6 of the Dungeon)
  7366 | D:6      | Reached skill level 12 in Long Blades
  7453 | D:6      | Found an iron altar of Okawaru.
  7491 | D:6      | HP: 8/50 [ogre/giant club (12)]
  7517 | D:6      | HP: 11/50 [worker ant (1)]
  7885 | D:6      | Found a stormy altar of Qazlal.
  7982 | D:6      | Found Zaigam's Antique Armour Shoppe.
  8250 | D:6      | Reached skill level 13 in Long Blades
  8438 | D:6      | Found a staircase to the Ecumenical Temple.
  8692 | D:6      | Reached XP level 9. HP: 54/54 MP: 20/20
  8714 | D:6      | Learned a level 3 spell: Regeneration
  8718 | D:6      | Learned a level 3 spell: Spectral Weapon
  9113 | D:7      | Noticed Edmund
  9133 | D:7      | Killed Edmund
  9327 | D:7      | Reached skill level 14 in Long Blades
  9406 | D:7      | Found Xougec's Magic Scroll Boutique.
  9413 | D:7      | Bought a scroll of identify for 24 gold pieces
  9413 | D:7      | Bought a scroll of enchant armour for 90 gold pieces
  9529 | D:7      | Noticed Menkaure
  9541 | D:7      | HP: 8/54 [Menkaure/nerve-wracking pain (8)]
  9782 | D:7      | Found an ancient bone altar of Kikubaaqudgha.
 10550 | D:7      | Reached skill level 15 in Long Blades
 10687 | D:8      | Noticed Prince Ribbit
 10703 | D:8      | Killed Prince Ribbit
 11032 | D:8      | Found a sand-covered staircase.
 11037 | Ossuary  | Entered an ossuary
 11479 | Ossuary  | Reached skill level 16 in Long Blades
 11543 | D:8      | HP: 13/54 [wight/enchanted trident (2)]
 11810 | D:8      | Reached XP level 10. HP: 55/60 MP: 21/21
 11906 | D:8      | Noticed Eustachio
 11921 | D:8      | Killed Eustachio
 12507 | D:8      | Found a burning altar of Makhleb.
 12508 | D:8      | Found a radiant altar of Vehumet.
 12637 | D:9      | Found a bloodstained altar of Trog.
 12697 | D:9      | Noticed Blork the orc
 12717 | D:9      | Reached skill level 17 in Long Blades
 12838 | D:9      | Killed Blork the orc
 13259 | D:9      | Found a basalt altar of Yredelemnul.
 13446 | D:10     | Entered Level 10 of the Dungeon
 13755 | D:10     | Reached skill level 18 in Long Blades
 13757 | D:10     | Reached skill level 1 in Armour
 13769 | D:10     | Reached skill level 2 in Dodging
 13769 | D:10     | Reached skill level 1 in Shields
 13975 | D:10     | Noticed Josephine
 14042 | D:10     | Reached skill level 2 in Armour
 14049 | D:10     | HP: 15/61 [crocodile (16)]
 14052 | D:11     | Noticed a hill giant
 14062 | D:11     | HP: 8/61 [hill giant/giant club (5)]
 14065 | D:11     | Killed a hill giant
 14065 | D:11     | Reached skill level 3 in Fighting
 14065 | D:11     | Reached XP level 11. HP: 44/67 MP: 22/22
 14276 | D:10     | HP: 14/67 [something (6)]
 14278 | D:10     | HP: 5/67 [wraith[Josephine] (10)]
 14278 | D:10     | Slain by a wraith

Action                   |  1- 3 |  4- 6 |  7- 9 | 10-12 || total
-------------------------+-------+-------+-------+-------++-------
Melee: Falchion          |    87 |   115 |   114 |       ||   316
       Great sword       |       |       |    75 |       ||    75
       Rapier            |       |       |   256 |   185 ||   441
 Cast: Infusion          |     2 |     5 |     8 |     1 ||    16
       Song of Slaying   |       |       |     4 |     1 ||     5
       Shroud of Golubri |       |       |     1 |       ||     1
Invok: Potion Petition   |       |       |     2 |     1 ||     3
Evoke: Wand              |       |       |       |     1 ||     1
  Use: Scroll            |     9 |     1 |    10 |     7 ||    27
       Potion            |       |     1 |     5 |     3 ||     9
 Stab: Sleeping          |     3 |       |       |       ||     3
       Distracted        |       |     1 |     1 |       ||     2
  Eat: Chunk             |     4 |     6 |     8 |       ||    18
       Bread ration      |       |       |     4 |     1 ||     5
       Royal jelly       |       |       |     1 |       ||     1
       Beef jerky        |       |       |       |     2 ||     2

Vault maps used:
D:1:      minmay_arrival_shattered_statue
D:2:      nicolae_overflow_crystal_walls
D:3:      lemuel_blue_sif_altar
D:4:      uniq_grinder, uniq_iyjb
D:5:      grunt_temple_overflow_opulence, beetle_altar_2, first_bread,
          serial_shops, nicolae_shop_statue_plus
D:6:      okawaru_trees_2, temple_hall, serial_shops,
          nicolae_shop_competitors_out_of_business, grunt_decor_mini_mirrors,
          grunt_qazlal_clouds
D:7:      overflow_temple_1_default, serial_shops, shop, uniq_menkaure,
          uniq_edmund
D:8:      grunt_temple_overflow_lords_of_destruction, enter_ossuary_5,
          uniq_prince_ribbit1, uniq_eustachio
D:9:      bloody_trog, lemuel_round_altar, grunt_ogre_cave, uniq_blork_the_orc
D:10:     nicolae_trove_entry_path_of_doom, uniq_josephine
D:11:     minmay_lair_entry_grove
Ossuary:  ossuary_minmay_tomb_2a

Table legend:
 A = Turns spent in this place as a percentage of turns spent in the entire game.
 B = Non-inter-level travel turns spent in this place as a percentage of non-inter-level travel turns spent in the entire game.
 C = Inter-level travel turns spent in this place as a percentage of turns spent in this place.
 D = Turns resting spent in this place as a percentage of non-inter-level travel turns spent in this place.
 E = Turns spent auto-exploring this place as a percentage of non-inter-level travel turns spent in this place.
 F = Non-inter-level travel turns spent in this place divided by the number of levels of this place that you've seen.
                   A       B       C       D       E      F
               +-------+-------+-------+-------+-------+----------------------
         Total | 100.0 | 100.0 |   0.5 |   7.6 |   7.2 | 270.2
       Dungeon |  95.5 |  95.5 |   0.5 |   7.6 |   7.1 | 281.5
       Ossuary |   4.5 |   4.5 |   0.0 |   7.5 |   9.5 | 147.0
               +-------+-------+-------+-------+-------+----------------------

Table legend:
 A = Kills in this place as a percentage of kills in entire the game.
 B = Kills by you in this place as a percentage of kills by you in the entire game.
 C = Kills by friends in this place as a percentage of kills by friends in the entire game.
 D = Other kills in this place as a percentage of other kills in the entire game.
 E = Experience gained in this place as a percentage of experience gained in the entire game.
 F = Experience gained in this place divided by the number of levels of this place that you have seen.
                   A       B       C       D       E      F
               +-------+-------+-------+-------+-------+----------------------
         Total | 100.0 | 100.0 |  -nan |  -nan | 100.0 | 940.7
       Dungeon |  94.3 |  94.3 |  -nan |  -nan |  97.4 | 999.0
       Ossuary |   5.7 |   5.7 |  -nan |  -nan |   2.6 | 299.0
               +-------+-------+-------+-------+-------+----------------------
